[Event "Early-Titled-Tuesday-Blitz-October-24-2023"]
[Site "Chess.com"]
[Date "2023.10.24"]
[Round "11"]
[White "Duhless"]
[Black "MagnusCarlsen"]
[Result "1-0"]
[WhiteElo "3109"]
[BlackElo "3266"]
[TimeControl "180+1"]
[EndTime "10:03:16 PDT"]
[Termination "Duhless won by resignation"]

1. d4 Nf6 2. c4 e6 3. Nf3 b6 4. g3 Bb7 5. Bg2 Bb4+ 6. Nbd2 O-O 7. O-O a5 8. Qc2 d5 9. Ne5 Nc6 10. Ndf3 dxc4 11. Rd1 Qc8 12. Nxc4 h6 13. Bf4 Rd8 14.
Rac1 Nd5 15. Bd2 Bxd2 16. Qxd2 Nf6 17. Qf4 Nd5 18. Qh4 a4 19. e4 Nf6 20. Qf4 Qd7 21. Ne3 Nh5 22. Qh4 Nf6 23. d5 exd5 24. e5 Nh7 25. Nxd5 Kh8 26. Rd2 Qf5 27. Ne3 Qe6 28. Rxc6 Bxc6 29. Rxd8+ Nf8 30. Nd4 Qxa2 31. Bxc6 Rxd8 32.
Qxd8 Kg8 33. Kg2 Qxb2 34. Bxa4 c5 35. Ndf5 Qxe5 36. Bc6 g6 37. Nxh6+ Kg7 38. Nhg4 Qc3 39. Qxb6 Ne6 40. Bd5 Ng5 41. h4 Nh7 42. Qc7 1-0

[Event "Early-Titled-Tuesday-Blitz-October-24-2023"]
[Site "Chess.com"]
[Date "2023.10.24"]
[Round "11"]
[White "Kotofeyca"]
[Black "lluiss"]
[Result "1-0"]
[WhiteElo "2378"]
[BlackElo "2201"]
[TimeControl "180+1"]
[EndTime "10:03:17 PDT"]
[Termination "Kotofeyca won by checkmate"]

1. d4 Nf6 2. c4 g6 3. f3 d5 4.
cxd5 Nxd5 5. e4 Nb6 6. Nc3 Bg7 7. Be3 O-O 8. Qd2 Nc6 9. O-O-O Qd6 10. h4 Rd8 11. d5 Ne5 12. Qf2 Nec4 13. Bc5 Qf4+ 14. Kc2 Nxb2 15. Nge2 Nxd1 16. Kxd1 Qf6 17. g4 Na4 18.
Nxa4 Qa1+ 19. Kd2 Qxa2+ 20. Ke3 Qxa4 21. Kf4 e6 22. h5 exd5 23. hxg6 dxe4 24. gxf7+ Kxf7 25.
Rxh7 exf3+ 26. Kxf3 Rd3+ 27. Kg2+ Kg8 28. Rxg7+ Kxg7 29.
Qf8+ Kg6 30. Nf4+ Qxf4 31. Qxf4 Rd2+ 32. Kg1 Rd1 33. Qe4+ Kg7 34. Bd4+ Kh6 35. Qf4+ Kh7 36. Qf7+ Kh6 37. Bg7+ Kg5 38. Bf6+ Kxg4 39. Qg6+ Kf4 40. Qg5+ Ke4 41. Qe5+ Kf3 42. Qf5+ Ke3 43. Qe5+ Kd2 44. Qe2+ Kc1 45. Qb2# 1-0

[Event "Early-Titled-Tuesday-Blitz-October-24-2023"]
[Site "Chess.com"]
[Date "2023.10.24"]
[Round "11"]
[White "Yeremyan_ChessMate"]
[Black "xxysoul6"]
[Result "1-0"]
[WhiteElo "2794"]
[BlackElo "2973"]
[TimeControl "180+1"]
[EndTime "10:03:19 PDT"]
[Termination "Yeremyan_ChessMate won on time"]

1. e4 c5 2. Nc3 d6 3. g3 g6 4. Bg2 Bg7 5. Nge2 Nc6 6. O-O e6 7. d3 Nge7 8. Be3 Nd4 9. Qd2 Nec6 10. f4 Rb8 11. Rab1 b5 12. Nd1 b4 13. g4 h5 14. g5 O-O 15. h4 Bb7 16. Kh1 f6 17. Ng3 fxg5 18. hxg5 Ba8 19. Rc1 Qe7 20. c3 bxc3 21.
bxc3 h4 22. Ne2 Nxe2 23. Qxe2 Rb6 24. Nf2 Rfb8 25. Ng4 Rb2 26. Qf3 Rxa2 27. Rf2 Ra3 28. Qh3 Rxc3 29. Rxc3 Bxc3 30. Qxh4 Bg7 31. f5 exf5 32.
exf5 Ne5 33. Bxa8 Rxa8 34. f6 Qb7+ 35. Kh2 Nxg4+ 36. Qxg4 Bh8 37. Bf4 Qd5 38. Bg3 Rf8 39. Re2 Qxd3 40. Qe6+ Kh7 41. Qd7+ Kg8 42. Re7 Bxf6 43.
Qe6+ Kh8 44. Qh3+ 1-0

[Event "Early-Titled-Tuesday-Blitz-October-24-2023"]
[Site "Chess.com"]
[Date "2023.10.24"]
[Round "11"]
[White "Thunderbolt135"]
[Black "CristianS27"]
[Result "1-0"]
[WhiteElo "2741"]
[BlackElo "2567"]
[TimeControl "180+1"]
[EndTime "10:03:21 PDT"]
[Termination "Thunderbolt135 won by resignation"]

1. g3 Nf6 2. Bg2 g6 3. d4 d5 4. Nf3 Bg7 5. O-O O-O 6. c4 dxc4 7. Na3 c3 8. bxc3 c5 9. Nc4 cxd4 10. cxd4 Nc6 11.
Nce5 Bf5 12. Nxc6 bxc6 13. Ne5 Be4 14. Nxc6 Qd6 15. Ne5 Bxg2 16. Kxg2 Rfd8 17. e3 Rac8 18. Qb3 Qd5+ 19. Qxd5 Nxd5 20. Nf3 Rc2 21. a4 Rdc8 22. Bd2 g5 23. h3 h5 24. Rfc1 g4 25. hxg4 hxg4 26.
Ne1 R2c4 27. Nd3 Rc2 28. Ne1 R2c4 29. a5 a6 30. Rxc4 Rxc4 31. Rc1 Ra4 32. Rc6 Ra2 33. Rc2 Ra1 34. Nd3 e6 35. Nc5 Nc7 36.
Rb2 Bf8 37. Rb8 Kg7 38. Rb7 Bd6 39. Rb6 Bxc5 40. dxc5 Nd5 41. Rxa6 Ra2 42. Be1 Rc2 43. c6 Nb4 44. Bxb4 Rxc6 45. Rxc6 1-0

[Event "Early-Titled-Tuesday-Blitz-October-24-2023"]
[Site "Chess.com"]
[Date "2023.10.24"]
[Round "11"]
[White "Sjakkerntobi"]
[Black "Buzhizhebuguai"]
[Result "0-1"]
[WhiteElo "2495"]
[BlackElo "2620"]
[TimeControl "180+1"]
[EndTime "10:03:22 PDT"]
[Termination "Buzhizhebuguai won by resignation"]

1. e4 c6 2. Nc3 d5 3. Nf3 dxe4 4.
Nxe4 Nf6 5. Qe2 Nxe4 6. Qxe4 Nd7 7. Bc4 Nf6 8. Ne5 e6 9. Qe2 Be7 10. O-O O-O 11. b3 a6 12. Bb2 Qc7 13. f4 b5 14.
Bd3 c5 15. Rf3 Bb7 16. Rh3 g6 17. Rf1 Rad8 18. Ng4 Nxg4 19. Qxg4 f5 20. Qe2 Qc6 21. a4 c4 22. bxc4 bxa4 23. Kh1 Bf6 24. Ba3 Rf7 25. Re3 Re8 26. c5 Bd4 27. Rg3 Kg7 28.
Bc4 Rfe7 29. Qd3 Bf6 30. Qd6 e5 31. fxe5 Bxe5 32. Qxc6 Bxc6 33. Re3 Bd4 34. Rxe7+ Rxe7 35. c3 Bf6 36. d4 Re3 37. d5 Be8 38. Bxa6 Rxc3 39.
Bb4 Rc2 40. c6 Bf7 41. Bb7 Bxd5 42. Rg1 Bd4 43. c7 Bxb7 0-1

[Event "Early-Titled-Tuesday-Blitz-October-24-2023"]
[Site "Chess.com"]
[Date "2023.10.24"]
[Round "11"]
[White "Adnan_Habib"]
[Black "Eloist"]
[Result "0-1"]
[WhiteElo "2335"]
[BlackElo "2448"]
[TimeControl "180+1"]
[EndTime "10:03:22 PDT"]
[Termination "Eloist won by checkmate"]

1. d4 e6 2. c4 Nf6 3. g3 d5 4. Bg2 c5 5. cxd5 Nxd5 6. Nf3 Nc6 7. O-O Bd7 8. e4 Nf6 9. d5 Nb4 10. a3 Na6 11. Re1 c4 12. Nc3 Nc5 13. Bf1 Nb3 14. Rb1 b5 15. Bg5 h6 16. Bh4 Qb6 17. Bxf6 gxf6 18. dxe6 fxe6 19. Nh4 O-O-O 20. Ng6 Bc5 21.
Qc2 Rhg8 22. Nf4 Nd4 23. Qd1 Bc6 24. Bh3 Kb8 25. Qh5 Rg5 26. Qxh6 Nf3+ 27. Kg2 Nxe1+ 28. Rxe1 Rd2 29. Nxe6 Rxf2+ 30. Kh1 Re5 31. Nxc5 Qxc5 32. Bg2 Rxb2 33. Qh8+ Kb7 34. Rd1 Rc2 35. Qg7+ Kb6 36. Nd5+ Bxd5 37. exd5 Qf2 38. Rg1 Re1 39. Qxf6+ Qxf6 40. Rxe1 Qf2 41. Rg1 Kc5 42. d6 Kxd6 43. Rd1+ Kc5 44.
Rd5+ Kb6 45. Rd6+ Ka5 46. Ra6+ Kxa6 47. Bb7+ Kxb7 48. h3 Qe1# 0-1

[Event "Early-Titled-Tuesday-Blitz-October-24-2023"]
[Site "Chess.com"]
[Date "2023.10.24"]
[Round "11"]
[White "eljanov"]
[Black "MKlose11"]
[Result "0-1"]
[WhiteElo "2807"]
[BlackElo "2669"]
[TimeControl "180+1"]
[EndTime "10:03:24 PDT"]
[Termination "MKlose11 won on time"]

1. d4 Nf6 2. Bf4 c5 3. e3 b6 4. Nf3 g6 5. c3 Bg7 6. h3 O-O 7. Be2 Ba6 8. Bxa6 Nxa6 9. O-O d6 10.
Qe2 Nc7 11. e4 cxd4 12. cxd4 d5 13. e5 Ne4 14. Nbd2 Ne6 15. Be3 Rc8 16. Qd3 Nxd2 17. Qxd2 Qd7 18. Bh6 Bxh6 19. Qxh6 Rc2 20. b3 Rfc8 21.
a4 Rb2 22. Rab1 Rcc2 23. Rxb2 Rxb2 24. Qe3 Rc2 25. Rc1 Qc6 26. Rxc2 Qxc2 27. h4 h5 28. g3 Kg7 29. Kg2 Kf8 30. Ng1 Ng7 31. Nf3 Nf5 32. Qf4 Kg7 33. e6 f6 34. b4 Qc6 35.
b5 Qxe6 36. Qd2 Qe4 37. Qc3 Kf7 38. Kf1 Nd6 39. Nd2 Qh1+ 40. Ke2 Ne4 41. Qc7 Nxd2 42. Kxd2 Qe4 43. Qxa7 Qxd4+ 44. Ke2 Qc4+ 45. Kd2 Qc5 46. Ke2 d4 47. Qb7 Qc2+ 48. Kf3 Qxa4 49. Qxb6 Qd1+ 0-1

[Event "Early-Titled-Tuesday-Blitz-October-24-2023"]
[Site "Chess.com"]
[Date "2023.10.24"]
[Round "11"]
[White "DKmirl"]
[Black "dapsay"]
[Result "0-1"]
[WhiteElo "2298"]
[BlackElo "2420"]
[TimeControl "180+1"]
[EndTime "10:03:26 PDT"]
[Termination "dapsay won by resignation"]

1. d4 d5 2. Nf3 e6 3. g3 Nf6 4. Bg2 c5 5. O-O cxd4 6. Nxd4 Nc6 7. c4 Bc5 8. Nb3 Be7 9. cxd5 exd5 10. Nc3 Be6 11. Nd4 O-O 12. Nxe6 fxe6 13. e3 Rc8 14.
Ne2 Bc5 15. Bd2 Qe7 16. Bc3 Rcd8 17. Qb3 Bb6 18. Rad1 Na5 19. Qb4 Qf7 20. b3 Rfe8 21.
Qa3 Nc6 22. Rd2 h6 23. Rfd1 Ng4 24. Nd4 Rc8 25. h3 Nge5 26. Nxc6 Nxc6 27. Qb2 Ne7 28. a3 Nf5 29. Be5 Qg6 30. Kh2 h5 31. e4 Ne7 32.
exd5 Nxd5 33. Bxd5 exd5 34. Bd4 Ba5 35. b4 Bc7 36. f4 h4 37. Rg1 hxg3+ 38. Kh1 Bxf4 39. Rdg2 Qf5 40. Rxg3 Bxg3 41. Rxg3 Re1+ 42. Kh2 Rc2+ 43. Qxc2 Qxc2+ 44. Rg2 Re2 45. Rxe2 Qxe2+ 46. Kg3 Qd3+ 47.
Kg4 Qxd4+ 48. Kg5 Qf6+ 49. Kg4 d4 50. h4 d3 51. h5 Qh6 52. b5 d2 53. b6 axb6 54. a4 d1=Q+ 55. Kg3 Qxa4 56. Kh3 Qe3+ 57. Kg2 Qc2+ 0-1

[Event "Early-Titled-Tuesday-Blitz-October-24-2023"]
[Site "Chess.com"]
[Date "2023.10.24"]
[Round "11"]
[White "lefonghua"]
[Black "Rud_Makarian"]
[Result "1-0"]
[WhiteElo "2734"]
[BlackElo "2964"]
[TimeControl "180+1"]
[EndTime "10:03:30 PDT"]
[Termination "lefonghua won by resignation"]

1. d4 Nf6 2. c4 e6 3. Nc3 d5 4.
cxd5 exd5 5. Bg5 c6 6. e3 h6 7. Bh4 Be7 8. Bd3 O-O 9. Qc2 Re8 10. Nge2 Nbd7 11. O-O a5 12. f3 b5 13. a3 Bb7 14.
Bf2 Nb6 15. h3 b4 16. Na4 Nxa4 17. Qxa4 c5 18. dxc5 Bxc5 19. Nd4 Bxd4 20. exd4 Nh5 21. Rfe1 Rxe1+ 22. Rxe1 Nf4 23. Bf1 bxa3 24. bxa3 Ne6 25. Qb3 Ba6 26. Bxa6 Rxa6 27. Re5 Rd6 28. Qb5 Kh7 29. a4 g6 30. Kh2 h5 31. h4 Ng7 32.
Qd3 Qd7 33. Bg3 Re6 34. Qb5 Qxb5 35. axb5 Rxe5 36. Bxe5 Ne6 37. Bf6 Nf8 38. b6 Nd7 39. b7 a4 40. Be7 f6 41. Kg1 Kg7 42. Kf2 Kf7 43. Bb4 Ke8 44. Bd6 g5 45. Ke2 Kf7 46. Kd3 Ke6 47. b8=Q Nxb8 48. Bxb8 gxh4 49. Kc3 Kf5 50.
Kb4 Kg5 51. Kxa4 h3 52. gxh3 Kh4 53. Kb4 Kxh3 54. Kc5 Kg2 55. Kxd5 Kxf3 56. Ke6 1-0

[Event "Early-Titled-Tuesday-Blitz-October-24-2023"]
[Site "Chess.com"]
[Date "2023.10.24"]
[Round "11"]
[White "oggy1984"]
[Black "GM_DarwinLaylo"]
[Result "0-1"]
[WhiteElo "2461"]
[BlackElo "2652"]
[TimeControl "180+1"]
[EndTime "10:03:30 PDT"]
[Termination "GM_DarwinLaylo won by checkmate"]

1. d4 d5 2. c4 c6 3. cxd5 cxd5 4. Nc3 Nc6 5. Bf4 Nf6 6. e3 e6 7. Nf3 Bd6 8. Bxd6 Qxd6 9. Bb5 O-O 10. O-O Bd7 11.
Rc1 Rfc8 12. Bxc6 Bxc6 13. Ne5 Be8 14. f4 b5 15. Qf3 b4 16. Ne2 Ne4 17. Rfd1 f6 18.
Nd3 Bb5 19. f5 e5 20. dxe5 fxe5 21. Nf2 Nf6 22. Ng4 e4 23. Nxf6+ Qxf6 24. Qg4 Rxc1 25. Rxc1 Qxb2 26. Rc7 Bxe2 27. Qf4 Qb1+ 28. Kf2 Qf1+ 29. Kg3 Qxf4+ 30. Kxf4 Bc4 31. g4 Bxa2 32. Rb7 a5 33.
g5 Rf8 34. Ke5 Bc4 35. f6 gxf6+ 36. gxf6 b3 37. Rg7+ Kh8 38. Rb7 a4 39. h4 a3 40.
h5 a2 41. Ra7 b2 42. h6 a1=Q 43. Rg7 b1=Q+ 44. Kd6 Qxf6+ 45. Kd7 Qb7# 0-1

[Event "Early-Titled-Tuesday-Blitz-October-24-2023"]
[Site "Chess.com"]
[Date "2023.10.24"]
[Round "11"]
[White "meoluoi91"]
[Black "pedro_gines"]
[Result "0-1"]
[WhiteElo "2604"]
[BlackElo "2748"]
[TimeControl "180+1"]
[EndTime "10:03:31 PDT"]
[Termination "pedro_gines won on time"]

1. Nf3 a6 2. g3 g6 3. Bg2 Bg7 4.
O-O d6 5. d4 Nf6 6. a4 O-O 7.
Re1 Nc6 8. d5 Nb4 9. e4 a5 10.
Na3 e6 11. dxe6 Bxe6 12. h3 h6 13. Nd4 Bd7 14. Nab5 Re8 15. c3 Na6 16. Qc2 Nc5 17. f3 Ne6 18. Ne2 Bxb5 19. axb5 d5 20. Nf4 dxe4 21.
fxe4 Qd6 22. Kh2 Qb6 23. c4 Nxf4 24. gxf4 Nh5 25. Be3 Bd4 26. Bd2 Bf2 27. Rf1 Rad8 28. Rad1 a4 29. Bc1 Bg3+ 30. Kh1 Rxd1 31. Qxd1 Qc5 32.
Qd5 Qb4 33. f5 Nf6 34. Qd3 Be5 35. fxg6 fxg6 36. Bxh6 Qxb2 37. Bg5 a3 38. Bxf6 Bxf6 39. e5 Qxe5 40. Qxg6+ Bg7 41. Bd5+ Kh8 42. Qg4 Bf6 43.
Qg6 Bg7 44. Qg4 Qe3 45. Qh5+ Bh6 46. Qf5 a2 47. Qf6+ Bg7 48. Qh4+ Qh6 49. Qxh6+ Bxh6 50. Ra1 c6 51. bxc6 bxc6 52. Bxc6 Re2 53. Bf3 Rf2 54. Kg1 Be3 0-1

[Event "Early-Titled-Tuesday-Blitz-October-24-2023"]
[Site "Chess.com"]
[Date "2023.10.24"]
[Round "11"]
[White "Lady_Nika"]
[Black "NMJeevanK"]
[Result "1-0"]
[WhiteElo "2505"]
[BlackElo "2588"]
[TimeControl "180+1"]
[EndTime "10:03:31 PDT"]
[Termination "Lady_Nika won by resignation"]

1. e4 e5 2. Nf3 Nc6 3. Bb5 a6 4.
Bxc6 dxc6 5. O-O Bg4 6. d3 Qd6 7. Be3 h5 8. Nbd2 f6 9. a4 Ne7 10. Qb1 g5 11. b4 Ng6 12. b5 Bxf3 13. Nxf3 g4 14. Nd2 h4 15. bxa6 bxa6 16. Qb7 Rd8 17. Nc4 Qe6 18. Qxc7 Be7 19. Rab1 Kf7 20. Rb7 h3 21. Rfb1 hxg2 22. Bc5 g3 23. fxg3 Qh3 24.
Kf2 Qxh2 25. Rg1 Rhe8 26. Bxe7 Nxe7 27. Nd6+ Rxd6 28. Qxd6 Qh6 29. Qb4 c5 30. Qc4+ Kg6 31.
Qxc5 Qd2+ 32. Kf3 f5 33. Rb6+ Kg5 34. Qe3+ Qxe3+ 35. Kxe3 fxe4 36. dxe4 Rc8 37. Rxg2 Rc3+ 38. Kd2 Rc4 39. Rxa6 Rxe4 40. a5 Nd5 41. Rd6 Ne3 42. Kd3 Ra4 43. Kxe3 Rxa5 44. Rgd2 Ra3+ 45. Kf2 Kg4 46.
Rg6+ Kf5 47. Rg8 Ke4 48. Re2+ Kd4 49. g4 Rh3 50. g5 Rh2+ 51. Ke1 Rh1+ 52. Kd2 e4 53.
Rd8+ Ke5 54. Re8+ Kf5 55. R8xe4 Kxg5 56. c4 Rh8 57. c5 Rd8+ 58. Kc3 Rc8 59. Kc4 Kf5 60.
Re5+ 1-0

[Event "Early-Titled-Tuesday-Blitz-October-24-2023"]
[Site "Chess.com"]
[Date "2023.10.24"]
[Round "11"]
[White "djokovic74"]
[Black "LeoLV10"]
[Result "1-0"]
[WhiteElo "2696"]
[BlackElo "2566"]
[TimeControl "180+1"]
[EndTime "10:03:35 PDT"]
[Termination "djokovic74 won on time"]

1. e4 c6 2. Nf3 d5 3. Nc3 Bg4 4. d4 dxe4 5. Nxe4 Bxf3 6. Qxf3 Nf6 7. c3 Nbd7 8. Bd3 Nxe4 9. Qxe4 Nf6 10. Qe2 e6 11.
O-O Be7 12. a4 h6 13. a5 c5 14. Bb5+ Kf8 15. dxc5 Bxc5 16. b4 Bd6 17. Rd1 Qc7 18. g3 Rd8 19. Be3 Nd5 20. Bxa7 Nxc3 21. Qf3 Nxd1 22. Bb6 Qc3 23. Qxd1 Ke7 24. Bxd8+ Rxd8 25. a6 bxa6 26. Rxa6 Qxb4 27. Ra7+ Kf8 28. Qf3 Be7 29. Be2 Qb1+ 30. Kg2 Rb8 31. Qc6 Qb2 32. Bf3 Qb4 33.
h4 Rd8 34. Qc7 Re8 35. Bc6 Rd8 36. Bf3 g6 37. h5 g5 38. Qc2 Kg7 39. Qc7 Kf8 40.
Qc2 Qd4 41. Rc7 Bf6 42. Qh7 Bg7 43. Rb7 Qf6 44. Qe4 Kg8 45. Be2 Bf8 46. Bd3 Qg7 47.
Bc4 Bc5 48. Bxe6 1-0

[Event "Early-Titled-Tuesday-Blitz-October-24-2023"]
[Site "Chess.com"]
[Date "2023.10.24"]
[Round "11"]
[White "FlemingA"]
[Black "falzehope0"]
[Result "1-0"]
[WhiteElo "2436"]
[BlackElo "2328"]
[TimeControl "180+1"]
[EndTime "10:03:35 PDT"]
[Termination "FlemingA won by checkmate"]

1. f4 d6 2. Nf3 Nf6 3. g3 Nbd7 4. Bg2 e5 5. d3 Be7 6. O-O O-O 7.
e4 c6 8. Nc3 Re8 9. h3 Nf8 10.
Qe1 h6 11. f5 N6h7 12. g4 d5 13. Kh1 Bb4 14. Qg3 f6 15. h4 Kh8 16. g5 fxg5 17.
hxg5 hxg5 18. Bxg5 Nxg5 19. Nxg5 Qf6 20. Qh4+ Kg8 21. exd5 Bxc3 22. bxc3 Bxf5 23. dxc6 bxc6 24. Be4 g6 25. Rg1 Re7 26. Raf1 Rg7 27. Kg2 Rh7 28. Qg3 Rh5 29. Nf3 Bh3+ 30. Kf2 Bxf1 31. Rxf1 Re8 32. Ke2 Kh8 33. Rg1 Re6 34. Ng5 Re7 35. Nf3 Rg7 36. Rg2 Qf4 37. c4 Qxg3 38. Rxg3 Rh6 39. Bxc6 g5 40. Be4 g4 41. Nxe5 Rh2+ 42. Ke3 Rh3 43.
Kf4 Rxg3 44. Kxg3 Ne6 45. Nxg4 Nf8 46. Kf4 Kg8 47. Nf6+ Kf7 48. Nd5 Ke8 49. Ke5 Nd7+ 50. Kd6 Nf6 51. Nxf6+ Kf7 52. Nd5 Rg2 53. Bxg2 Ke8 54.
c5 Kd8 55. c6 a5 56. c7+ Ke8 57. Bh3 Kf7 58. c8=Q a4 59. Qe6+ Kg7 60. Qf6+ Kh7 61. Bf5+ Kg8 62. Ne7# 1-0

[Event "Early-Titled-Tuesday-Blitz-October-24-2023"]
[Site "Chess.com"]
[Date "2023.10.24"]
[Round "11"]
[White "Witik"]
[Black "wannabe2700"]
[Result "0-1"]
[WhiteElo "2783"]
[BlackElo "2655"]
[TimeControl "180+1"]
[EndTime "10:03:38 PDT"]
[Termination "wannabe2700 won on time"]

1. e4 c5 2. d4 cxd4 3. c3 dxc3 4.
Nxc3 Nc6 5. Nf3 e6 6. Bc4 Bb4 7.
O-O Nge7 8. Bf4 Bxc3 9. bxc3 d5 10. Bd3 dxe4 11. Bxe4 Qxd1 12. Rfxd1 O-O 13. Rab1 Re8 14. h4 f6 15. Rd6 Rd8 16. Rbd1 Rxd6 17. Bxd6 Kf7 18. h5 g6 19. c4 gxh5 20. g3 e5 21. Rb1 Ke6 22. c5 f5 23. Bc2 h6 24.
Kg2 Kf6 25. Rh1 e4 26. Nd2 Be6 27. Rxh5 Kg6 28. Rh1 Nd4 29. Bb1 Nec6 30. g4 Re8 31. Re1 Bd5 32. gxf5+ Nxf5 33. Nxe4 Nxd6 34. cxd6 Rd8 35. f3 Kg7 36. Rd1 Bxe4 37. Bxe4 Kf6 38. Rh1 Kg5 39. Rb1 Rd7 40. Kg3 h5 41. Rb5+ Kf6 42.
Rxh5 Rxd6 43. Rh7 Ne7 44. Rh6+ Ke5 45. f4+ Kxe4 46. Rh7 Nf5+ 47. Kf2 Rd2+ 48. Ke1 Rxa2 49. Rxb7 Ne3 50. Re7+ Kf3 0-1

[Event "Early-Titled-Tuesday-Blitz-October-24-2023"]
[Site "Chess.com"]
[Date "2023.10.24"]
[Round "11"]
[White "Fonsofan"]
[Black "ProfessorChess101"]
[Result "1-0"]
[WhiteElo "2729"]
[BlackElo "2546"]
[TimeControl "180+1"]
[EndTime "10:03:38 PDT"]
[Termination "Fonsofan won by resignation"]

1. Nc3 a6 2. g3 d5 3. Bg2 Nf6 4. e4 d4 5. Nce2 h5 6. h3 Nc6 7. d3 e5 8. Nf3 Be7 9. c3 Be6 10.
cxd4 exd4 11. O-O Qd7 12. Ng5 O-O-O 13. Nf4 Bd6 14. Nfxe6 fxe6 15. f4 e5 16. f5 Rdg8 17. Bd2 g6 18. Qb3 Kb8 19. Nf7 Rh7 20. Nxd6 Qxd6 21. Bg5 Rhg7 22. fxg6 Nd7 23. h4 Nc5 24. Qc4 Rxg6 25. Bf3 Rh8 26. Qf7 Nxd3 27. Be2 Nc5 28. Rac1 Rgg8 29. Rf6 Qd8 30. Rxc5 d3 31. Bd1 Qd4+ 32.
Kg2 Qxc5 33. Bxh5 Qc2+ 34. Rf2 Qc5 35. Bg4 Rf8 36. Be7 Rxf7 37. Bxc5 Rxf2+ 38. Kxf2 Rf8+ 39.
Bf5 Rg8 40. g4 b6 41. Be3 Kb7 42. h5 Ne7 43. g5 Rf8 44. h6 Nxf5 45. exf5 Rxf5+ 46. Ke1 Rf3 47. Kd2 e4 48. g6 Rg3 49. h7 Rg2+ 50.
Kd1 Rg1+ 51. Bxg1 1-0

[Event "Early-Titled-Tuesday-Blitz-October-24-2023"]
[Site "Chess.com"]
[Date "2023.10.24"]
[Round "11"]
[White "Harry_Rakkel"]
[Black "OhanyanEminChess"]
[Result "0-1"]
[WhiteElo "2710"]
[BlackElo "2854"]
[TimeControl "180+1"]
[EndTime "10:03:39 PDT"]
[Termination "OhanyanEminChess won on time"]

1. e4 e5 2. Nf3 Nc6 3. Bc4 Nf6 4. Ng5 Bc5 5. Bxf7+ Ke7 6. Bb3 Rf8 7. O-O d6 8. h3 Qe8 9. c3 Qg6 10. d4 exd4 11.
Kh1 h6 12. Nf3 Qh5 13. cxd4 Bxh3 14. gxh3 Qxh3+ 15. Nh2 Nxd4 16. Nc3 h5 17. Bg5 Kd7 18. f3 h4 19. Bxf6 Rxf6 20. Na4 Raf8 21. Nxc5+ dxc5 22. Qd2 Rxf3 23. Qg2 Qxg2+ 24. Kxg2 Rg3+ 25. Kh1 Nxb3 26. axb3 Rxf1+ 27. Rxf1 Rxb3 28. Rf2 Ke6 29. Nf3 a5 30.
Kg2 a4 31. Kh3 b5 32. Kg4 b4 33. Ng5+ Ke5 34. Rd2 c6 35. Re2 c4 36. Nf3+ Kd6 37. e5+ Ke7 38. Nd4 Rd3 39. Nxc6+ Ke6 40. Nxb4 Rd4+ 41.
Kh3 g5 42. Nc6 Rd3+ 43. Kh2 g4 44. Re4 Rd2+ 45. Kg1 Rxb2 46. Nd4+ Kd5 47. Rxg4 a3 0-1

[Event "Early-Titled-Tuesday-Blitz-October-24-2023"]
[Site "Chess.com"]
[Date "2023.10.24"]
[Round "11"]
[White "rachidhuilda"]
[Black "GMJustin"]
[Result "0-1"]
[WhiteElo "2370"]
[BlackElo "2248"]
[TimeControl "180+1"]
[EndTime "10:03:43 PDT"]
[Termination "GMJustin won by checkmate"]

1. d4 Nf6 2. Bg5 c5 3. d5 Ne4 4. Bf4 Qb6 5. Nd2 Nxd2 6. Bxd2 Qxb2 7. e4 e6 8. Ne2 Qe5 9. f3 exd5 10. Bf4 Qf6 11. exd5 Bd6 12. Bxd6 Qxd6 13. g3 O-O 14.
Kf2 Qf6 15. Bg2 d6 16. Re1 Nd7 17. Nf4 Ne5 18. Nd3 Ng4+ 19. Kg1 Qd4+ 20. Kh1 Ne3 21. Qe2 Nxg2 22. Kxg2 Qxd5 23. Nf4 Qc6 24. Rad1 Bf5 25. c4 Kh8 26. Qd2 Rad8 27. Re7 Be6 28. Nxe6 fxe6 29. Qg5 Qxf3+ 30. Kh3 Qf6 31. Qxf6 Rxf6 32.
Rxb7 h5 33. Rxa7 d5 34. Ra5 d4 35. Rxc5 Rf5 36. Rxf5 exf5 37. Kg2 d3 38. Kf3 g5 39.
Ke3 Ra8 40. Rd2 Ra3 41. c5 Kg7 42. Kd4 Kf6 43. Kd5 Rc3 44. Kd6 f4 45. gxf4 gxf4 46. c6 Kf5 47. c7 Ke4 48. Kd7 Ke3 49. Rd1 f3 50. c8=Q Rxc8 51. Kxc8 Ke2 52. Rb1 d2 53. a4 d1=Q 54. Rxd1 Kxd1 55. a5 f2 56. a6 f1=Q 57.
a7 Qa6+ 58. Kb8 Qb6+ 59. Ka8 Qc7 60. h4 Qc8# 0-1

[Event "Early-Titled-Tuesday-Blitz-October-24-2023"]
[Site "Chess.com"]
[Date "2023.10.24"]
[Round "11"]
[White "Byniolus"]
[Black "djano"]
[Result "1-0"]
[WhiteElo "2808"]
[BlackElo "2676"]
[TimeControl "180+1"]
[EndTime "10:03:44 PDT"]
[Termination "Byniolus won by resignation"]

1. d4 Nf6 2. Nf3 g6 3. Bf4 Bg7 4. e3 d6 5. Be2 c5 6. c3 Nh5 7. Bg5 h6 8. Bh4 g5 9. Bg3 Nxg3 10. hxg3 cxd4 11. cxd4 Qb6 12. Qb3 Nc6 13. Qxb6 axb6 14. Nc3 e5 15. d5 Ne7 16. e4 f5 17. Nd2 Kf7 18. Bd3 f4 19. Nc4 Rd8 20. Nb5 Kg6 21. Ncxd6 Bd7 22. Ke2 Bxb5 23. Nxb5 Nc8 24. Nc7 Ra5 25. Ne6 Re8 26. a3 Nd6 27. Rac1 Re7 28. gxf4 gxf4 29. g3 fxg3 30. Rcg1 Bf6 31. Rxg3+ Bg5 32.
f4 exf4 33. Nxf4+ Kf7 34. Ne6 Rxe6 35. dxe6+ Kxe6 36. Rf1 Ra4 37. Kf3 b5 38. Rd1 Nf7 39.
Bc2 Ne5+ 40. Kg2 Ra5 41. Bb3+ Ke7 42. Rd5 Bf4 43. Rg7+ Kf6 44. Rxb7 Ra8 45. Rb6+ Kg5 46. Rbxb5 Re8 47. a4 Kg4 48. Bd1+ Kg5 49. a5 h5 50.
a6 h4 51. a7 h3+ 52. Kxh3 Rh8+ 53. Kg2 Rh2+ 54. Kg1 Kh4 55. Rxe5 Kg3 56. Rg5+ 1-0

[Event "Early-Titled-Tuesday-Blitz-October-24-2023"]
[Site "Chess.com"]
[Date "2023.10.24"]
[Round "11"]
[White "SergioMoralesG"]
[Black "rdarruda"]
[Result "0-1"]
[WhiteElo "2409"]
[BlackElo "2536"]
[TimeControl "180+1"]
[EndTime "10:03:45 PDT"]
[Termination "rdarruda won on time"]

1. d4 Nf6 2. c4 e5 3. dxe5 Ne4 4. Nf3 Nc6 5. Nbd2 Nc5 6. e3 Qe7 7. Be2 Nxe5 8. Nxe5 Qxe5 9. Nf3 Qf6 10. O-O g6 11.
Rb1 Bg7 12. b4 Ne6 13. Bb2 Qe7 14. Bxg7 Nxg7 15. Nd4 O-O 16. Bf3 d6 17. h3 Rb8 18.
Qa4 a6 19. b5 Bd7 20. Qa3 axb5 21. cxb5 Ne6 22. Nxe6 Bxe6 23. Qb2 Ra8 24. Ra1 Ra7 25. a4 Rfa8 26. Qb4 Qd7 27. Rfc1 d5 28. a5 c6 29.
b6 Ra6 30. Be2 Bf5 31. Bxa6 Rxa6 32. Qd4 Ra8 33. Ra2 h5 34. Qc5 Bd3 35. Rd2 Ba6 36. e4 Rd8 37. exd5 cxd5 38. Re1 Bc4 39. Qe7 Qc8 40. Rd4 Kg7 41. Rf4 Rf8 42. Qf6+ Kg8 43. Re7 d4 44. Qxd4 Bb3 45. Qf6 Qc1+ 46. Kh2 Qd2 47. Rf3 Bd5 48. Rg3 Qc2 49. Qe5 Ba2 50.
Qxh5 Qxf2 51. Qg5 Bb1 52. Ree3 Qd2 53. Ref3 Qb4 54. h4 Be4 0-1

[Event "Early-Titled-Tuesday-Blitz-October-24-2023"]
[Site "Chess.com"]
[Date "2023.10.24"]
[Round "11"]
[White "Cheer_Down"]
[Black "Felix-Rose"]
[Result "0-1"]
[WhiteElo "2406"]
[BlackElo "2328"]
[TimeControl "180+1"]
[EndTime "10:03:45 PDT"]
[Termination "Felix-Rose won by resignation"]

1. e4 e5 2. Nf3 Nc6 3. Bb5 a6 4. Bxc6 dxc6 5. Nc3 f6 6. d4 exd4 7. Nxd4 Bd6 8. Be3 Ne7 9. Qf3 Ng6 10. Nf5 O-O 11.
O-O-O Ne5 12. Qe2 Bxf5 13. exf5 Re8 14. Rhe1 Qd7 15. g4 Qf7 16. b3 Bb4 17. Kb2 Qf8 18. f4 Ba3+ 19. Kb1 Nf7 20. Qc4 Kh8 21. Ne4 Nd6 22.
Nxd6 cxd6 23. Bc1 d5 24. Qd3 Bxc1 25. Rxc1 Qd6 26. Qf3 a5 27. g5 a4 28. Qh5 Rf8 29. g6 h6 30. Qf3 axb3 31. cxb3 d4 32. Re6 Qa3 33. Qe2 d3 34. Qd2 Rfd8 35. Rce1 b5 36. Rxc6 b4 37. Rce6 Rf8 38. R6e3 Qa5 39. Rxd3 Qxf5 40.
Kb2 Qxg6 41. Re2 f5 42. Rg2 Qf6+ 43. Kb1 Rfe8 44. Rd7 Re7 45. Rxe7 Qxe7 46. Qb2 Re8 47. Rd2 Qe1+ 48. Qc1 Qe4+ 49. Qc2 Qxf4 50. Rf2 Re1+ 51.
Kb2 Qd4+ 0-1

[Event "Early-Titled-Tuesday-Blitz-October-24-2023"]
[Site "Chess.com"]
[Date "2023.10.24"]
[Round "11"]
[White "kingapolak"]
[Black "ural58"]
[Result "0-1"]
[WhiteElo "2156"]
[BlackElo "2495"]
[TimeControl "180+1"]
[EndTime "10:03:50 PDT"]
[Termination "ural58 won on time"]

1. e4 d5 2. exd5 Qxd5 3. Nc3 Qd6 4. d4 c6 5. Nf3 Bf5 6. g3 e6 7. Bf4 Qb4 8. Rb1 Nd7 9. Bg2 Ngf6 10. O-O Be7 11.
a3 Qa5 12. Ne5 Nxe5 13. Bxe5 O-O 14. Qe2 Rfd8 15. Ne4 Nxe4 16. Bxe4 Bxe4 17. Qxe4 f6 18. Bf4 Qd5 19. Rfe1 Qxe4 20. Rxe4 Bf8 21. c3 Kf7 22.
Rbe1 Re8 23. Kg2 Rad8 24. h4 h5 25. b4 b5 26. Ra1 a6 27. a4 Ra8 28. Re2 Be7 29.
Rea2 Rac8 30. axb5 axb5 31. Ra7 Kg6 32. Rb7 Bf8 33.
Raa7 e5 34. dxe5 fxe5 35. Be3 Re6 36. Kf3 e4+ 37. Ke2 Kh7 38. Bd4 Rg6 39. Ke3 Re8 40. Rf7 Kg8 41. Rf4 Rge6 42. Rff7 Rg6 43. Kf4 e3 44. Bxe3 Bd6+ 45. Kf3 Be5 46. Bd4 Bxd4 47.
cxd4 Rd8 48. Ke3 Rg4 49. Rad7 Ra8 50. Rfe7 Ra3+ 51. Ke2 Ra2+ 52. Kf1 Rd2 53. Kg2 Rdxd4 54. Rc7 Rc4 0-1